 Dungeon Crawl Stone Soup version 0.22-a0-479-gc6e99f3 (webtiles) character file.

40 iamserjio the Sneak (level 3, 0/31 HPs)
             Began as a Gnoll Assassin on June 14, 2018.
             Slain by a gnoll
             ... wielding a +0 spear
              (7 damage)
             ... on level 2 of the Dungeon.
             The game lasted 00:03:32 (901 turns).

iamserjio the Sneak (Gnoll Assassin)                 Turns: 901, Time: 00:03:32

Health: 0/31       AC:  3    Str: 13    XL:     3   Next: 50%
Magic:  4/4        EV: 13    Int: 14    God:
Gold:   73         SH:  0    Dex: 16    Spells: 3/3 levels left

rFire    . . .     SeeInvis .   a - +2 dagger
rCold    . . .     Gourm    .   (no shield)
rNeg     . . .     Faith    .   c - +0 robe
rPois    .         Spirit   .   (no helmet)
rElec    .         Reflect  .   d - +0 cloak
rCorr    .         Harm     .   (no gloves)
MR       .....                  (no boots)
Stlth    ++++......             (no amulet)
HPRegen  0.10/turn              (no ring)
MPRegen  0.09/turn              (no ring)

@: no status effects
A: distributed training, fangs 1, strong nose
a: no special abilities


You were on level 2 of the Dungeon.
You were not hungry.

You visited 1 branch of the dungeon, and saw 3 of its levels.

You collected 73 gold pieces.

Inventory:

Hand Weapons
 a - a +2 dagger (weapon)
 b - a +0 blowgun
Missiles
 e - 8 poisoned needles
 f - 2 curare-tipped needles {!f}
 k - 17 stones (quivered)
 n - 21 sling bullets
Armour
 c - a +0 robe (worn)
 d - a +0 cloak (worn)
 i - a +0 ring mail
Scrolls
 j - a scroll of remove curse {unknown}
 m - a scroll of identify {unknown}
 p - 2 scrolls of enchant armour {unknown}
Potions
 l - a potion of flight {unknown}
 o - a potion of heal wounds {unknown}
Comestibles
 g - 5 rations


   Skills:
 + Level 4.5 Fighting
 + Level 4.5 Short Blades
 + Level 0.8 Long Blades
 + Level 0.8 Axes
 + Level 0.8 Maces & Flails
 + Level 0.8 Polearms
 + Level 0.8 Staves
 + Level 0.8 Slings
 + Level 0.8 Bows
 + Level 0.8 Crossbows
 + Level 4.5 Throwing
 + Level 0.8 Armour
 + Level 2.6 Dodging
 + Level 7.8 Stealth
 + Level 0.8 Shields
 + Level 0.8 Unarmed Combat
 + Level 0.8 Spellcasting
 + Level 0.5 Conjurations
 + Level 0.5 Hexes
 + Level 0.5 Charms
 + Level 0.5 Summonings
 + Level 0.5 Necromancy
 + Level 0.5 Translocations
 + Level 0.5 Transmutations
 + Level 0.5 Fire Magic
 + Level 0.5 Ice Magic
 + Level 0.5 Air Magic
 + Level 0.5 Earth Magic
 + Level 0.5 Poison Magic
 + Level 1.0 Invocations
 + Level 0.8 Evocations


You had 3 spell levels left.
You didn't know any spells.
Your spell library was empty.

Dungeon Overview and Level Annotations

Branches:
Dungeon (3/15)

Altars:
The Shining One


Innate Abilities, Weirdness & Mutations

Your experience applies equally to all skills.
You have very sharp teeth.
Your uncanny sense of smell can sniff out nearby items.


Message History

The gnoll hits you from afar with a spear!
You hit the gnoll.
The gnoll is moderately wounded.
The gnoll barely misses you.
You barely miss the gnoll. You bite the gnoll, but do no damage.
The gnoll is moderately wounded.
The gnoll closely misses you. x2
You hit the gnoll.
The gnoll is moderately wounded.
The gnoll barely misses you. The gnoll misses you.
You hit the gnoll.
The gnoll is heavily wounded.
The gnoll hits you from afar with a spear.
You hit the gnoll.
The gnoll is severely wounded.
The gnoll hits you with a spear.
The gnoll hits you from afar with a spear.
* * * LOW HITPOINT WARNING * * *
The gnoll hits you from afar with a spear!
You die...

## #. #.#### #. ## #. ###
#.# #. g .. ..# #.#
##.##.# #. #.# #.#
..###...#g#####. #.# #.#
........ ......###.###.#
..###[..###### #........#
........gg>..###.#####..#
#.####.####@..##.# #..# ∆
#............# #..#
#..####...##.# #..# #..
##.###.#####..# #..
#.##.........# #<.
#.##..####.### #..
#.##..# .#####.##..#
.........>..####.


You could see 2 gnolls.

Vanquished Creatures
  2 gnolls (D:3)
  A worm (D:2)
  3 giant cockroaches
  3 kobolds
  3 bats (D:1)
  A frilled lizard (D:3)
  3 goblins (D:1)
  4 rats
20 creatures vanquished.

Notes
Turn   | Place    | Note
-------+----------+-------------------------------------------
     0 | D:1      | iamserjio the Gnoll Assassin began the quest for the Orb.
     0 | D:1      | Reached XP level 1. HP: 20/20 MP: 1/1
   134 | D:1      | Reached XP level 2. HP: 23/26 MP: 2/2
   410 | D:3      | Reached XP level 3. HP: 11/31 MP: 3/3
   558 | D:3      | HP: 1/31 [frilled lizard (3)]
   866 | D:3      | Found a glowing golden altar of the Shining One.
   870 | D:3      | Reached skill level 1 in Invocations
   871 | D:3      | Noticed an ogre
   901 | D:2      | Slain by a gnoll

Vault maps used:
D:1:      lightli_arrival_boilingwater
D:2:      first_ration, uniq_terence
D:3:      nicolae_overflow_crystal_walls

Skill      XL: |  1  2  3 |
---------------+----------+-----
Invocations    | 1 |  1.0
Fighting       | |  4.5
Short Blades   | |  4.5
Long Blades    | |  0.8
Axes           | |  0.8
Maces & Flails | |  0.8
Polearms       | |  0.8
Staves         | |  0.8
Slings         | |  0.8
Bows           | |  0.8
Crossbows      | |  0.8
Throwing       | |  4.5
Armour         | |  0.8
Dodging        | |  2.6
Stealth        | |  7.8
Shields        | |  0.8
Unarmed Combat | |  0.8
Spellcasting   | |  0.8
Conjurations   | |  0.5
Hexes          | |  0.5
Charms         | |  0.5
Summonings     | |  0.5
Necromancy     | |  0.5
Translocations | |  0.5
Transmutations | |  0.5
Fire Magic     | |  0.5
Ice Magic      | |  0.5
Air Magic      | |  0.5
Earth Magic    | |  0.5
Poison Magic   | |  0.5
Evocations     | |  0.8

Action                   || total
-------------------------++-------
Melee: Dagger            ||    84
       Bite              ||    10
Throw: Stone             ||     2
 Stab: Sleeping          ||     4
Armor: Robe              ||    18
Dodge: Dodged            ||    56

Table legend:
 A = Spawn XP
 B = Non-spawn XP
 C = Spawn XP percentage of total XP
 D = Spawn monster count
 E = Non-spawn monster count
 F = Spawn count percentage of total count
 G = Total turns spent on level
                    A         B        C        D         E        F      G
               +---------+---------+-------+---------+---------+-------+---------
         Total |       0 |      58 |   0.0 |       0 |      20 |   0.0 |   901
               +---------+---------+-------+---------+---------+-------+---------
           D:1 |       0 |      16 |   0.0 |       0 |      11 |   0.0 |   257
           D:2 |       0 |       6 |   0.0 |       0 |       2 |   0.0 |   168
           D:3 |       0 |      36 |   0.0 |       0 |       7 |   0.0 |   476
               +---------+---------+-------+---------+---------+-------+---------
